 Dungeon Crawl Stone Soup version 0.26-a0-812-g31a745ddcd (webtiles) character file.

Game seed: 9232013646775963361

42 muata the Sneak (level 3, -1/27 HPs)
             Began as a Vampire Brigand on Nov 13, 2020.
             Killed from afar by Sigmund (7 damage)
             ... with a puff of flame
             ... on level 2 of the Dungeon.
             The game lasted 00:04:48 (835 turns).

muata the Sneak (Vampire Brigand)                    Turns: 835, Time: 00:04:48

Health: -1/27      AC:  4    Str: 10    XL:     3   Next: 33%
Magic:  3/3        EV: 11    Int: 13    God:
Gold:   51         SH:  0    Dex: 16    Spells: 2/2 levels left

rFire    . . .     SeeInvis +   a - +2 dagger
rCold    . . .     Faith    .   (no shield)
rNeg     . . .     Spirit   .   m - +0 leather armour
rPois    .         Reflect  .   (no helmet)
rElec    .         Harm     .   c - +0 cloak
rCorr    .         Rampage  .   (no gloves)
MR       .....                  (no boots)
Stlth    +++.......             (no amulet)
HPRegen  0.29/turn              (no ring)
MPRegen  0.08/turn              (no ring)

@: regenerating quickly
A: fangs 3, see invisible, unbreathing
a: Exsanguinate


You were on level 2 of the Dungeon.
You visited 1 branch of the dungeon, and saw 2 of its levels.

You collected 51 gold pieces.

Inventory:

Hand Weapons
 a - a +2 dagger (weapon)
Missiles
 d - 4 poisoned darts (quivered)
 e - a curare-tipped dart
 g - 3 javelins
 i - 29 stones
Armour
 b - a +0 robe
 c - a +0 cloak (worn)
 m - a +0 leather armour (worn)
Jewellery
 k - a cursed ring of teleportation {unknown}
Scrolls
 f - a scroll of immolation {unknown}
 h - 3 scrolls of identify {unknown}
 j - a scroll of enchant armour {unknown}
 n - 2 scrolls of magic mapping {unknown}
Potions
 l - a potion of degeneration {unknown}


   Skills:
 + Level 2.3 Fighting
 + Level 2.8 Short Blades
 + Level 2.0 Throwing
 - Level 1.1 Dodging
 + Level 6.3 Stealth


You had 2 spell levels left.
You didn't know any spells.
Your spell library was empty.

Dungeon Overview and Level Annotations

Branches:
Dungeon (2/15)

Altars:

Annotations:
D:2 Sigmund


Innate Abilities, Weirdness & Mutations

Your natural rate of healing is unusually fast.
You have razor-sharp teeth.
You have supernaturally acute eyesight. (SInv)
You can survive without breathing.


Message History

You throw a poisoned dart. The poisoned dart hits Sigmund.
Sigmund looks even sicker.
Sigmund is heavily wounded.
Sigmund laughs darkly.
Throwing (i - inventory. (/) - cycle)
d - 5 poisoned darts (quivered)
Press: ? - help, Shift-Dir - straight line, f/p - Sigmund
Aim: Sigmund, wielding a +0 scythe and wearing a +0 robe (heavily wounded, very poisoned, slow)
You throw a poisoned dart. The poisoned dart hits Sigmund.
Sigmund looks as sick as possible!
Sigmund is heavily wounded.
Sigmund casts a spell at you. The magic dart hits you!
Sigmund says, "Now you see me, now you don't..."
Sigmund hits you from afar with a +0 scythe!
* * * LOW HITPOINT WARNING * * *
You hit Sigmund.
Sigmund is almost dead.
Sigmund casts a spell at you. The puff of flame hits you!
You die...

########## #####
.........#####...#######
...(((@@................
........................
#...##..................
#.. #..................
# #...........#...†.#
###+###+#...#.....#
...#...#......
........##....
.......<......


You could see Sigmund (very poisoned, slow).

Vanquished Creatures
  An ooze (D:1)
  A dart slug (D:1)
  3 bats (D:1)
  6 goblins (D:1)
  2 hobgoblins (D:1)
  8 jackals (D:1)
  3 kobolds (D:1)
  2 frilled lizards
  5 rats (D:1)
31 creatures vanquished.

Notes
Turn   | Place    | Note
-------+----------+-------------------------------------------
     0 | D:1      | muata the Vampire Brigand began the quest for the Orb.
     0 | D:1      | Reached XP level 1. HP: 16/16 MP: 1/1
    90 | D:1      | Reached skill level 6 in Stealth
    98 | D:1      | Reached XP level 2. HP: 13/22 MP: 2/2
   411 | D:1      | Reached XP level 3. HP: 21/27 MP: 3/3
   826 | D:2      | Noticed Sigmund
   835 | D:2      | Killed from afar by Sigmund

Illustrated notes

Levels and vault maps discovered:
D:1:      tarquinn_simple_flora_water_a, layout_loops_ring,
          minmay_large_rounded_square, nrook_uturn, nrook_mini_backslash,
          minmay_hexomino_f4
D:2:      layout_basic, kennysheep_potato, uniq_robin, uniq_sigmund

Skill      XL: |  1  2 |
---------------+-------+-----
Stealth        | 6 |  6.3
Fighting       | 2 |  2.3
Throwing       | 2 |  2.0
Short Blades   | |  2.8
Dodging        | |  1.1

Action                   || total
-------------------------++-------
Melee: Dagger            ||    84
       Bite              ||     7
Throw: Dart              ||     5
 Stab: Sleeping          ||     6
       Distracted        ||     1
Armor: Robe              ||    19
Dodge: Dodged            ||    38

Table legend: (Time is in decaauts)
 A = Elapsed time spent in this place.
 B = Non-inter-level travel time spent in this place.
 C = Inter-level travel time spent in this place.
 D = Time resting spent in this place.
 E = Time spent auto-exploring this place.
 F = Levels seen in this place.
 G = Mean time per level.
                   A        B        C        D        E       F      G
               +--------+--------+--------+--------+--------+-----+--------+
         Total |    823 |    764 |     59 |     28 |    432 |   2 |  411.5 |
       Dungeon |    823 |    764 |     59 |     28 |    432 |   2 |  411.5 |
               +--------+--------+--------+--------+--------+-----+--------+

Top non-repeatable levels by time:
     D:1: 784 daAuts
     D:2: 39 daAuts
